 Dungeon Crawl Stone Soup version 0.26.1-11-gd32895ea62 (webtiles) character file.

Game seed: 5836038624879526117

126 ABBCCCDDDD the Chiller (level 5, 0/31 HPs)
             Began as an Octopode Ice Elementalist on July 8, 2021.
             Slain by a gnoll
             ... wielding a +0 spear
              (9 damage)
             ... on level 2 of the Dungeon.
             The game lasted 00:04:14 (2509 turns).

ABBCCCDDDD the Chiller (Octopode Ice Elementalist)  Turns: 2509, Time: 00:04:15

Health: 0/31       AC:  1    Str:  7    XL:     5   Next: 10%
Magic:  7/9        EV: 13    Int: 18    God:
Gold:   195        SH:  0    Dex: 13    Spells: 6/10 levels left

rFire    . . .     SeeInvis .   b - +0 short sword
rCold    . . .     Faith    .   (no shield)
rNeg     . . .     Spirit   .   (helmet restricted)
rPois    .         Reflect  .   (no amulet)
rElec    .         Harm     .   f - ring of flight
rCorr    .         Rampage  .   (no ring)
Will     .....                  (no ring)
Stlth    +++.......             (no ring)
HPRegen  0.10/turn              (no ring)
MPRegen  0.11/turn              (no ring)
                                (no ring)
                                (no ring)

@: no status effects
A: almost no armour, stealthy swim, amphibious, 8 rings, constrict 8, camouflage
1, gelatinous body 1
a: Evoke Flight


You were on level 2 of the Dungeon.
You visited 1 branch of the dungeon, and saw 2 of its levels.

You collected 195 gold pieces.

Inventory:

Hand Weapons
 b - a +0 short sword (weapon)
 l - a +1 whip of venom
Armour
 h - a +0 buckler
Jewellery
 f - a ring of flight (left tentacle)
Scrolls
 a - 2 scrolls of remove curse {unknown}
 c - 3 scrolls of identify {unknown}
 d - a scroll of enchant armour {unknown}
 g - a scroll of amnesia {unknown}
 j - 2 scrolls of teleportation {unknown}
 m - a scroll of enchant weapon {unknown}
Potions
 e - a potion of haste {unknown}
 i - a potion of flight {unknown}
 k - a potion of heal wounds {unknown}


   Skills:
 - Level 2.0 Dodging
 - Level 4.0 Stealth
 * Level 1.6 Shields
 + Level 3.1 Spellcasting
 + Level 4.8 Ice Magic


You had 6 spell levels left.
You knew the following spells:

 Your Spells              Type           Power        Failure   Level
a - Freeze                Ice            80%          2%          1
b - Frozen Ramparts       Ice            40%          7%          3

Your spell library contained the following spells:

 Spells                   Type           Power        Failure   Level
 Ozocubu's Armour         Ice            20%          7%          3
 Hailstorm                Conj/Ice       11%          52%         4
 Summon Ice Beast         Ice/Summ       11%          52%         4


Dungeon Overview and Level Annotations

Branches:
Dungeon (2/15)

Altars:
Cheibriados

Annotations:
D:2 Sigmund


Innate Abilities, Weirdness & Mutations

You cannot wear most types of armour.
You are very stealthy in the water. (Stealth+)
You are amphibious.
You can wear up to eight rings at the same time.
You can use your tentacles to constrict eight enemies at once.
Your skin changes colour to match your surroundings (Stealth+).
Your rubbery body absorbs attacks. (AC +1, EV +1)


Message History

The gnoll hits you with a +0 spear.
Casting: Freeze (safe; 2% risk of failure)
Confirm with . or Enter, or press ? or * to list all spells.
Aiming: Freeze (safe; 2% risk of failure)
Press: ? - help, Shift-Dir - straight line, f - gnoll
Aim: a gnoll, wielding a +0 spear You freeze the gnoll.
The gnoll is lightly wounded.
The gnoll hits you with a +0 spear!
Casting: Freeze (safe; 2% risk of failure)
Confirm with . or Enter, or press ? or * to list all spells.
Aiming: Freeze (safe; 2% risk of failure)
Press: ? - help, Shift-Dir - straight line, f/p - gnoll
Aim: a gnoll, wielding a +0 spear (lightly wounded)
You freeze the gnoll.
The gnoll is moderately wounded.
The gnoll hits you with a +0 spear!
* * * LOW HITPOINT WARNING * * *
The gnoll hits you from afar with a +0 spear!
You die...

#
#.....##.#
.# .# #
###.####.#
.# .. # #.#
#.# .# .# #
#.# #.# @#
# #.## #.#
# #..# #.#
.# ##.# #.#
##.### #.#
#.# .....#
#.# #@#
.....## .##
#.# #.#
....... ...
#.# #g#
...<.# ...
#########.#
#.##...g.##
.#.
#.).......#
#........g.
#.
###########
###########
... ###


You could see a gnoll.

Vanquished Creatures
  Natasha (D:2)
  A gnoll (D:2)
  3 adders (D:2)
  An ooze (D:2)
  A worm (D:2)
  5 dart slugs
  A leopard gecko (D:2)
  A giant cockroach (D:1)
  5 goblins
  4 hobgoblins (D:1)
  A quokka (D:1)
  A ball python (D:2)
  9 bats
  6 frilled lizards (D:1)
  7 kobolds
  9 rats
56 creatures vanquished.

Notes
Turn   | Place    | Note
-------+----------+-------------------------------------------
     0 | D:1      | ABBCCCDDDD the Octopode Ice Elementalist began the quest
                  | for the Orb.
     0 | D:1      | Reached XP level 1. HP: 11/11 MP: 3/3
   204 | D:1      | Reached XP level 2. HP: 17/17 MP: 5/5
   902 | D:1      | Reached XP level 3. HP: 21/21 MP: 6/6
   949 | D:1      | Learned a level 3 spell: Frozen Ramparts
  1117 | D:2      | Reached XP level 4. HP: 15/27 MP: 4/8
  1802 | D:2      | Noticed Sigmund
  1830 | D:2      | Found a snail-covered altar of Cheibriados.
  1913 | D:2      | Reached skill level 1 in Shields
  2025 | D:2      | Noticed Natasha
  2031 | D:2      | Killed Natasha
  2032 | D:2      | Reached XP level 5. HP: 20/31 MP: 9/9
  2509 | D:2      | Slain by a gnoll

Illustrated notes

Levels and vault maps discovered:
D:1:      wander_arrival_abandoned_jail, layout_basic
D:2:      layout_loops_ring, kennysheep_slug_shrine,
          nicolae_overflow_hidden_temple, minmay_guardbox, uniq_natasha,
          uniq_sigmund

Skill      XL: |  1  2  3  4 |
---------------+-------------+-----
Stealth        | 3 4 |  4.0
Shields        | 1 |  1.6
Spellcasting   | 3 |  3.1
Dodging        | |  2.0
Ice Magic      | |  4.8

Action                   |  1- 3 |  4- 6 || total
-------------------------+-------+-------++-------
Melee: Short sword       |    54 |    28 ||    82
       Unarmed           |     6 |       ||     6
       Constrict         |    15 |     8 ||    23
       Tentacles         |     9 |     1 ||    10
 Cast: Freeze            |     9 |     8 ||    17
       Frozen Ramparts   |     1 |     1 ||     2
 Stab: Sleeping          |     5 |    10 ||    15
Armor: Skin              |     6 |     4 ||    10
Dodge: Dodged            |    44 |    15 ||    59
